 Dungeon Crawl Stone Soup version 0.30.0-19-g36f170ea60 (webtiles) character file.

Game seed: 18174014071264530483

7634 BillyBaka the Cleaver (level 10, 0/90 HPs)
             Began as a Minotaur Fighter on June 1, 2023.
             Was a High Priest of Okawaru.
             Succumbed to a tengu warrior's poison
             ... in a Gauntlet.
             The game lasted 00:47:25 (11817 turns).

BillyBaka the Cleaver (Minotaur Fighter)           Turns: 11817, Time: 00:47:26

Health: 0/90       AC: 11    Str: 25    XL:     10   Next: 98%
Magic:  11/11      EV: 12    Int:  5    God:    Okawaru [*****.]
Gold:   675        SH: 15    Dex: 10    Spells: 9/9 levels left

rFire   + + .        r - +0 broad axe
rCold   . . .        e - +5 kite shield of the Lost Path {rElec}
rNeg    . . .        g - +1 ring mail
rPois   .            (helmet restricted)
rElec   +            j - +0 cloak
rCorr   .            (no gloves)
SInv    +            (no boots)
Will    .....        (no amulet)
Stlth   +            q - ring of see invisible
HPRegen 1.15/turn    N - ring of protection from fire
MPRegen 0.12/turn

%: no teleportation
@: lethally poisoned (0 -> -3), studying Throwing
A: horns 2, retaliatory headbutt, iridescent scales 1, fire resistance 1,
regeneration 1
a: Renounce Religion, Heroism, Finesse, Duel


You were in a Gauntlet.
You worshipped Okawaru.
Okawaru was extremely pleased with you.
You visited 3 branches of the dungeon, and saw 12 of its levels.
You also visited: Sewer, Ossuary and Gauntlet.

You collected 675 gold pieces.

Inventory:

Hand Weapons
 r - a +0 broad axe (weapon)
Missiles
 c - a throwing net
 B - 8 silver boomerangs
 L - 5 boomerangs
Armour
 e - the +5 kite shield of the Lost Path (worn) {rElec}
   (You took it off a gnoll sergeant on level 5 of the Dungeon)

   rElec:     It insulates you from electricity.
 g - a +1 ring mail (worn)
 j - a +0 cloak (worn)
Jewellery
 q - a ring of see invisible (left hand)
 F - a ring of positive energy
 N - a ring of protection from fire (right hand)
Wands
 b - a wand of iceblast (13) (quivered)
 m - a wand of acid (10)
 u - a wand of polymorph (9)
 E - a wand of mindburst (12)
 H - a wand of digging (6)
 I - a wand of flame (26)
Scrolls
 f - 4 scrolls of magic mapping
 i - 5 scrolls of teleportation
 o - 2 scrolls of brand weapon {unknown}
 s - a scroll of vulnerability
 t - 2 scrolls of fear {unknown}
 w - a scroll of poison
 x - 2 scrolls of immolation {unknown}
 y - a scroll of blinking
 z - 4 scrolls of enchant armour
 C - 3 scrolls of fog
Potions
 d - 3 potions of might
 k - a potion of cancellation {unknown}
 l - 2 potions of attraction {unknown}
 n - 2 potions of invisibility
 p - 2 potions of lignification
 v - 3 potions of degeneration
 A - 2 potions of resistance {unknown}
 D - a potion of haste
 J - a potion of brilliance


   Skills:
 + Level 8.4 Fighting
 * Level 11.1 Axes
 + Level 3.6 Throwing
 + Level 8.4 Armour
 + Level 6.8 Dodging
 + Level 1.4 Stealth
 + Level 8.4 Shields
 + Level 2.8 Invocations
 + Level 4.0 Evocations


You had 9 spell levels left.
You didn't know any spells.
Your spell library contained the following spells:

 Spells                   Type           Power      Damage    Failure   Level
 Magic Dart               Conj           0%         1d3       80%         1
 Ensorcelled Hibernation  Hex/Ice        0%         N/A       90%         2
 Scorch                   Fire           0%         2d5       90%         2
 Sublimation of Blood     Necr           0%         N/A       90%         2
 Mephitic Cloud           Conj/Pois/Air  0%         N/A       99%         3
 Portal Projectile        Hex/Tloc       0%         N/A       99%         3
 Spider Form              Tmut/Pois      0%         N/A       99%         3
 Anguish                  Hex/Necr       0%         N/A       100%        4
 Flame Wave               Conj/Fire      0%         2d4       100%        4
 Leda's Liquefaction      Hex/Erth       0%         N/A       100%        4
 Petrify                  Tmut/Erth      0%         N/A       100%        4
 Blade Hands              Tmut           0%         N/A       100%        5
 Irradiate                Conj/Tmut      0%         3d11      100%        5
 Iron Shot                Conj/Erth      0%         9d1       100%        6
 Call Imp                 Summ           Unusable   N/A       N/A         2
 Call Canine Familiar     Summ           Unusable   N/A       N/A         3
 Animate Armour           Summ/Erth      Unusable   N/A       N/A         4
 Summon Cactus Giant      Summ           Unusable   N/A       N/A         6

Dungeon Overview and Level Annotations

Branches:
Dungeon (10/15)            Temple (1/1) D:6            Lair (1/5) D:8
    Orc (0/2) D:10          Sewer (visited)         Ossuary (visited)
Gauntlet (1/1)

Altars:
Ashenzari
Cheibriados
Dithmenos
Elyvilon
Fedhas
Gozag
Hepliaklqana
Kikubaaqudgha
Makhleb
Nemelex Xobeh
Okawaru
Qazlal
Ru
Sif Muna
Trog
Uskayaw
Vehumet
Wu Jian
Xom
Yredelemnul
Zin
The Shining One

Shops:
D:4 (

Annotations:
Gauntlet 13 transporters, 2 runed translucent doors


Innate Abilities, Weirdness & Mutations

You have a pair of horns on your head.
You reflexively headbutt those who attack you in melee.
You are partially covered in iridescent scales. (AC +2)
Your flesh is heat resistant. (rF+)
Your natural rate of healing is unusually fast.


Message History

The tengu conjurer mumbles some strange words.
The tengu conjurer conjures a globe of magical energy!
The tengu warrior closely misses you.
You block the tengu warrior's attack. x2
The tengu conjurer hits you.
* * * LOW HITPOINT WARNING * * *
The tengu conjurer pecks you but does no damage.
The tengu conjurer barely misses you. The tengu conjurer hits you.
* * * LOW HITPOINT WARNING * * *
The tengu conjurer pecks you but does no damage.
The tengu conjurer closely misses you.
A battlesphere comes into view.
You feel better.
You block the tengu warrior's attack. x2
The tengu warrior claws you but does no damage.
The tengu conjurer hits you but does no damage.
The tengu conjurer misses you. You block the tengu conjurer's attack.
The tengu conjurer gestures wildly while chanting.
The tengu conjurer blinks!
You miss the tengu warrior.
The tengu warrior is almost dead.
You barely miss the tengu conjurer. You slash the tengu conjurer!
You block the tengu warrior's attack. The tengu warrior barely misses you.
The tengu warrior claws you but does no damage.
You block the tengu conjurer's attack. x3
The tengu conjurer barely misses you. You furiously retaliate!
You headbutt the tengu conjurer!
The tengu conjurer pecks you but does no damage.
The tengu conjurer barely misses you.
The tengu warrior hits you with a +3 battleaxe of venom!!
* * * LOW HITPOINT WARNING * * *
You are lethally poisoned!
The tengu warrior pecks you but does no damage.
The tengu warrior misses you.
You hit the tengu warrior.
You kill the tengu warrior!
Okawaru is honoured by your kill. Okawaru grants you armour!
Something appears at your feet!
You see here the +2 robe of Dishonour {Will++}.
You slash the tengu conjurer! You hit the tengu conjurer.
You die...

###########≈#§#≈#§#§
###≈#≈#≈#§#≈#..§§.§...
#≈......§§..§..∩..8..∩
##......©......§..©...
#§§§#########.########
##..#...##..#.#.#.#ZZ#
#≈§.#*.##...#.##.#.##Z
##§.#)##..#.#.##.##..#
#≈..#@#.©##.#.#.#.©#.#
##..#QQ.##..#.#.##..#.
#§..#.*##"..#.##..###.
##..#.##Q.?.#.##[.©."#
#≈..##################
###...#.©.........©...
#≈...#...........©...
###..################
#§§...§....#........


You could see 2 tengu conjurers and 2 battlespheres.

Vanquished Creatures
  A tengu warrior (Gauntlet)
  Pikel (D:7)
  Maggie (D:7)
  The ghost of thug444 the Trooper, an amateur OgBe of Trog (D:5)
  A polar bear (Lair:1)
  A hornet (D:9)
  Sigmund (D:2)
  A shadow (D:10)
  16 yaks
  A basilisk (D:10)
  2 steam dragons
  Menkaure (D:7)
  2 acid dragons
  A water moccasin (D:7)
  An orc warrior (D:10)
  2 ice beasts
  2 ogres
  2 centaurs
  2 lemures (D:7)
  2 phantoms
  A kobold brigand (D:8)
  3 gnoll sergeants
  4 bullfrogs
  2 scorpions (D:5)
  2 water moccasin zombies (Ossuary)
  9 wights
  An electric eel (D:7)
  A howler monkey (D:8)
  2 jellies
  A hound (D:7)
  A gnoll bouda (D:5)
  3 orc priests
  Jessica (D:2)
  3 orc wizards
  2 mummies (Ossuary)
  15 gnolls
  3 river rats (Sewer)
  14 adders
  A shadow imp (D:8)
  A white imp (D:7)
  2 ufetubi (D:5)
  6 adder zombies (Ossuary)
  2 dart slugs
  28 orcs
  4 bats
  3 endoplasms
  2 giant cockroaches
  5 gnoll zombies (Ossuary)
  7 goblins
  3 hobgoblins
  4 jackals (Sewer)
  6 quokkas
  8 ball pythons
  7 frilled lizards
  10 hobgoblin zombies (Ossuary)
  13 kobolds
  9 kobold zombies (Ossuary)
  5 orc zombies (Ossuary)
  10 rats
246 creatures vanquished.

Notes
Turn   | Place    | Note
-------+----------+-------------------------------------------
     0 | D:1      | BillyBaka the Minotaur Fighter began the quest for the Orb.
     0 | D:1      | Reached XP level 1. HP: 19/19 MP: 0/0
   366 | D:1      | Reached XP level 2. HP: 27/27 MP: 1/1
   796 | D:2      | Noticed Sigmund
   806 | D:2      | Killed Sigmund
   807 | D:2      | Reached skill level 4 in Axes
   807 | D:2      | Reached XP level 3. HP: 18/34 MP: 2/2
   807 | D:2      | Reached XP level 4. HP: 22/41 MP: 3/3
   807 | D:2      | Reached XP level 5. HP: 25/47 MP: 4/4
   906 | D:2      | Noticed Jessica
   915 | D:2      | Killed Jessica
  1600 | D:3      | Noticed a steam dragon
  1614 | D:3      | Killed a steam dragon
  1615 | D:3      | Reached skill level 5 in Axes
  1615 | D:3      | Reached XP level 6. HP: 24/55 MP: 5/5
  1870 | D:3      | Noticed an ice beast
  1877 | D:3      | Killed an ice beast
  1878 | D:3      | Reached skill level 5 in Fighting
  1878 | D:3      | Reached skill level 5 in Armour
  1878 | D:3      | Reached skill level 5 in Shields
  1976 | D:3      | Reached XP level 7. HP: 38/61 MP: 6/6
  2042 | D:3      | Found a glowing drain.
  2051 | Sewer    | Entered a sewer
  2352 | Sewer    | Reached skill level 6 in Axes
  3390 | D:4      | Found Acsox's Antique Weapon Emporium.
  3749 | D:5      | Entered Level 5 of the Dungeon
  4050 | D:5      | Found a transporter.
  4057 | D:5      | Identified the +5 kite shield of the Lost Path {rElec}
  4058 | D:5      | Noticed thug444's ghost (amateur OgBe)
  4115 | D:5      | Reached XP level 8. HP: 66/70 MP: 7/7
  4160 | D:5      | Found a transporter.
  4211 | D:5      | Reached skill level 7 in Axes
  4639 | D:6      | Reached skill level 1 in Evocations
  5434 | D:6      | Found a staircase to the Ecumenical Temple.
  5443 | Temple   | Entered the Ecumenical Temple
  5492 | Temple   | Became a worshipper of Warmaster Okawaru
  5628 | D:6      | Found a basalt altar of Yredelemnul.
  5948 | D:7      | Noticed Maggie
  5960 | D:7      | Killed Maggie
  6057 | D:7      | Found a sacrificial altar of Ru.
  6058 | D:7      | Found a snail-covered altar of Cheibriados.
  6180 | D:7      | Found a sand-covered staircase.
  6186 | D:7      | Noticed Menkaure
  6201 | Ossuary  | Entered an ossuary
  6336 | Ossuary  | Reached skill level 8 in Axes
  6402 | D:7      | Killed Menkaure
  6402 | D:7      | Reached * piety under Okawaru
  6668 | D:7      | Reached XP level 9. HP: 45/76 MP: 8/8
  6683 | D:7      | Reached skill level 5 in Dodging
  6895 | D:7      | Noticed Pikel
  7039 | D:7      | Killed Pikel
  7039 | D:7      | Reached ** piety under Okawaru
  7040 | D:7      | Reached skill level 9 in Axes
  7434 | D:8      | Found a staircase to the Lair.
  7872 | D:8      | Reached *** piety under Okawaru
  8326 | D:9      | Found a broken altar of Ashenzari.
  8607 | D:9      | Found a hazy altar of Hepliaklqana.
  8736 | D:9      | Reached XP level 10. HP: 31/86 MP: 9/9
  8973 | D:9      | Reached skill level 1 in Throwing
  8979 | D:9      | Reached skill level 10 in Axes
  8982 | D:9      | Reached skill level 1 in Invocations
  8990 | D:9      | Reached **** piety under Okawaru
  9465 | D:9      | Noticed a tengu warrior
  9944 | D:5      | HP: 3/132 [gnoll/+1 spear of chaos (19)]
  9950 | D:5      | Killed thug444's ghost
  9950 | D:5      | HP: 1/132 [gnoll/+0 halberd (4)]
  9989 | D:5      | Gained mutation: You are clumsy. (Dex -2) [potion of
                  | mutation]
  9989 | D:5      | Gained mutation: You are weak. (Str -2) [potion of
                  | mutation]
 10183 | D:5      | Lost mutation: You are clumsy. (Dex -2) [potion of
                  | mutation]
 10183 | D:5      | Lost mutation: You are weak. (Str -2) [potion of mutation]
 10183 | D:5      | Gained mutation: You are partially covered in iridescent
                  | scales. (AC +2) [potion of mutation]
 10183 | D:5      | Gained mutation: Your natural rate of healing is unusually
                  | fast. [potion of mutation]
 10183 | D:5      | Gained mutation: Your flesh is heat resistant. (rF+)
                  | [potion of mutation]
 10350 | D:10     | Entered Level 10 of the Dungeon
 10463 | D:10     | Found a staircase to the Orcish Mines.
 10566 | D:10     | Reached ***** piety under Okawaru
 10635 | D:10     | Reached skill level 1 in Stealth
 11072 | D:10     | Reached skill level 11 in Axes
 11259 | Lair:1   | Entered Level 1 of the Lair of Beasts
 11471 | Lair:1   | Found a gate leading to a gauntlet.
 11483 | Gauntlet | Entered a Gauntlet
 11483 | Gauntlet | Found a transporter.
 11483 | Gauntlet | Found a transporter.
 11483 | Gauntlet | Found a runed translucent door.
 11484 | Gauntlet | Noticed an elephant
 11485 | Gauntlet | Found a transporter.
 11485 | Gauntlet | Found a transporter.
 11485 | Gauntlet | Noticed an elephant
 11485 | Gauntlet | Noticed a torpor snail
 11485 | Gauntlet | Noticed an elephant
 11486 | Gauntlet | Noticed an elephant
 11487 | Gauntlet | Found a runed translucent door.
 11488 | Gauntlet | Found a transporter.
 11490 | Gauntlet | Noticed a spectral seven-headed hydra
 11495 | Gauntlet | Noticed an elephant
 11524 | Gauntlet | Noticed a death scarab
 11527 | Gauntlet | Noticed a spectral death yak
 11528 | Gauntlet | Found a transporter.
 11528 | Gauntlet | Noticed a death scarab
 11531 | Gauntlet | Found a transporter.
 11531 | Gauntlet | Found a transporter.
 11533 | Gauntlet | Noticed a death yak
 11533 | Gauntlet | Noticed a death yak
 11534 | Gauntlet | Noticed a death yak
 11535 | Gauntlet | Noticed a death yak
 11535 | Gauntlet | Noticed a death yak
 11535 | Gauntlet | Noticed a necromancer
 11535 | Gauntlet | Noticed a wretched star
 11546 | Gauntlet | Found a transporter.
 11562 | Gauntlet | Found a transporter.
 11578 | Gauntlet | Noticed a molten gargoyle
 11578 | Gauntlet | Noticed a catoblepas
 11581 | Gauntlet | Noticed a gargoyle
 11581 | Gauntlet | Found a transporter.
 11582 | Gauntlet | Noticed a molten gargoyle
 11587 | Gauntlet | Found a transporter.
 11623 | Gauntlet | Noticed a spectral death yak
 11630 | Gauntlet | Found a transporter.
 11637 | Gauntlet | Noticed a tengu warrior
 11642 | Gauntlet | Found a transporter.
 11816 | Gauntlet | HP: 2/90 [tengu warrior/+3 battleaxe of venom (23)]
 11817 | Gauntlet | Killed a tengu warrior
 11817 | Gauntlet | Identified the +2 robe of Dishonour {Will++} (Okawaru
                  | gifted it to you in a Gauntlet)
 11817 | Gauntlet | Received a gift from Okawaru
 11817 | Gauntlet | Succumbed to a tengu warrior's poison

Illustrated notes

Levels and vault maps discovered:
D:1:      spicycebolla_arrival_ecumenical, layout_basic
D:2:      layout_loops_cross, eino_tiny_chamber, kennysheep_cross_room,
          grunt_decor_arrowhead, uniq_jessica, uniq_sigmund
D:3:      layout_basic, portal_sewer_entry_d
D:4:      layout_basic, serial_shops, shop, chequers_serial_rivers_micro_c
D:5:      layout_basic, gammafunk_ghost_gnarly_gnolls
D:6:      layout_layer_cave, yredelemnul_altar_generic,
          minmay_temple_entry_butterflies
D:7:      kennysheep_spiral_hall, layout_cave_pools, nicolae_overflow_squiral,
          nicolae_ossuary_entry_false_entrances, uniq_pikel, uniq_menkaure,
          uniq_maggie
D:8:      layout_gridville, lair_entry_dummy, minmay_misc_feat_roman
D:9:      layout_basic, kennysheep_mini_moat, nicolae_hepliaklqana_hazy_memory,
          lightli_corner_chamber
D:10:     layout_loops_ring, orc_0_dummy
Temple:   minmay_crystal_spiral_temple
Lair:1:   layout_gridlike, gauntlet_entry_generic
Gauntlet: gammafunk_gauntlet_mixed_choke_point
          [minmay_gauntlet_arena_77_shame_cube, minmay_gauntlet_arena_77_mess,
          minmay_gauntlet_arena_77_two_lines, nicolae_gauntlet_arena_t_cross,
          minmay_gauntlet_arena_77_double_cross,
          minmay_gauntlet_arena_77_two_paths, minmay_gauntlet_arena_77_squiggly,
          nicolae_gauntlet_exit_dead_adventurers]

Skill      XL: |  1  2  3  4  5  6  7  8  9 10 |
---------------+-------------------------------+-----
Fighting       | 4 5 6 7 8 |  8.4
Axes           | 4 5 6 8 9 11 | 11.1
Armour         | 4 5 6 7 8 |  8.4
Dodging        | 2 3 4 6 |  6.8
Shields        | 4 5 6 7 8 |  8.4
Evocations     | 2 3 4 |  4.0
Throwing       | 3 |  3.6
Invocations    | 2 |  2.8
Stealth        | 1 |  1.4

Action                     |  1- 3 |  4- 6 |  7- 9 | 10-12 || total
---------------------------+-------+-------+-------+-------++-------
  Melee: War axe           |    38 |    57 |   430 |   129 ||   654
         Headbutt          |       |     8 |    66 |    37 ||   111
         Unarmed           |       |       |     1 |       ||     1
         Broad axe         |       |       |       |    63 ||    63
 Invoke: Heroism           |       |       |       |     1 ||     1
  Evoke: Wand              |       |     2 |     1 |     7 ||    10
    Use: Scroll            |       |       |     8 |     2 ||    10
         Potion            |       |       |     1 |    17 ||    18
   Stab: Invisible         |       |       |       |     2 ||     2
 Armour: Scale mail        |    14 |    32 |    43 |       ||    89
         Chain mail        |       |       |   157 |    34 ||   191
         Skin              |       |       |       |    35 ||    35
         Ring mail         |       |       |       |    29 ||    29
  Dodge: Dodged            |    16 |    23 |   215 |    79 ||   333
  Block: Buckler           |    11 |    16 |   112 |    23 ||   162
         Kite shield       |       |       |       |    97 ||    97
